 Dungeon Crawl Stone Soup version 0.22.1-2-g9c5b331383 (webtiles) character file.

33 Khael the Grasshopper (level 3, -1/16 HPs)
             Began as a Felid Warper on Nov 30, 2018.
             Slain by a centaur zombie (7 damage)
             ... on level 2 of the Dungeon.
             The game lasted 00:04:48 (1871 turns).

Khael the Grasshopper (Felid Warper)                Turns: 1871, Time: 00:04:48

Health: -1/16      AC:  1    Str:  8    XL:     3   Next: 12%
Magic:  7/7        EV: 19    Int: 14    God:
Gold:   49         SH:  0    Dex: 15    Spells: 6/6 levels left
                                        Lives:  0   Deaths: 0

rFire    . . .     SeeInvis +     - Unarmed
rCold    . . .     Gourm    .   (shield unavailable)
rNeg     . . .     Faith    .   (armour unavailable)
rPois    .         Spirit   .   (helmet unavailable)
rElec    .         Reflect  .   (cloak unavailable)
rCorr    .         Harm     .   (gloves unavailable)
MR       .....                  (boots unavailable)
Stlth    ++........             (no amulet)
HPRegen  0.05/turn              (no ring)
MPRegen  0.10/turn              (no ring)

@: quick
A: very small, no armour, no weapons or thrown items, stealth, claws 1, fangs 3,
see invisible, carnivore, speed 1, shaggy fur 1, slow metabolism 1, sharp paws
a: no special abilities


You were on level 2 of the Dungeon.
You were hungry.

You visited 1 branch of the dungeon, and saw 2 of its levels.

You collected 49 gold pieces.

Inventory:

Scrolls
 b - a scroll of blinking
 d - a scroll of immolation {unknown}
 e - 2 scrolls of identify {unknown}
Potions
 a - a potion of flight {unknown}
 f - a potion of degeneration {unknown}
Comestibles
 c - 7 rations


   Skills:
 + Level 2.2 Fighting
 + Level 3.9 Dodging
 + Level 0.6 Stealth
 + Level 2.5 Unarmed Combat
 + Level 2.3 Spellcasting
   Level 4.4 Translocations


You had 6 spell levels left.
You didn't know any spells.
Your spell library contained the following spells:

 Spells                   Type           Power        Failure   Level  Hunger
 Blink                    Tloc           N/A          6%          2    ###....
 Gell's Gravitas          Tloc           ##........   12%         3    ###....
 Lesser Beckoning         Tloc           ##........   12%         3    ###....
 Teleport Other           Tloc           ##......     12%         3    ###....
 Shroud of Golubria       Chrm/Tloc      #.........   14%         2    ###....
 Passage of Golubria      Tloc           N/A          36%         4    #####..


Dungeon Overview and Level Annotations

Branches:
Dungeon (2/15)

Altars:
Nemelex Xobeh


Innate Abilities, Weirdness & Mutations

You cannot wear armour.
You are incapable of wielding weapons or throwing items.
Your paws allow you to move quietly. (Stealth)
You have sharp claws.
You have razor-sharp teeth.
You have supernaturally acute eyesight. (SInv)
You are carnivorous and can eat meat at any time.
You cover ground quickly.
You are covered in fur. (AC +1)
You have a slow metabolism.
Your sharp claws are effective at attacking unaware monsters.


Message History

The centaur zombie is moderately damaged.
The centaur zombie hits you.
The centaur zombie completely misses you.
You barely miss the centaur zombie.
You bite the centaur zombie, but do no damage.
The centaur zombie is moderately damaged.
The centaur zombie misses you.
You claw the centaur zombie!
The centaur zombie is heavily damaged.
The centaur zombie misses you.
You barely miss the centaur zombie.
The centaur zombie is heavily damaged.
The centaur zombie barely misses you.
You barely miss the centaur zombie.
The centaur zombie is heavily damaged.
The centaur zombie hits you.
You scratch the centaur zombie.
The centaur zombie is severely damaged.
The centaur zombie hits you!
You die...

###.#.#
#..........# ..
#..........# ...
#..........#
...###..........#
#
................#
.
.)..............#
..
................#
.........########
.....?Z@.#
......)..#
#[.......#
#........#
#........#
##########


You could see a centaur zombie.

Vanquished Creatures
  A worm (D:2)
  4 bats (D:1)
  2 giant cockroaches
  4 goblins (D:1)
  3 hobgoblins
  3 jackals (D:1)
  4 kobolds (D:1)
  A frilled lizard (D:1)
  3 rats (D:1)
25 creatures vanquished.

Notes
Turn   | Place    | Note
-------+----------+-------------------------------------------
     0 | D:1      | Khael the Felid Warper began the quest for the Orb.
     0 | D:1      | Reached XP level 1. HP: 9/9 MP: 4/4
   409 | D:1      | Reached XP level 2. HP: 9/13 MP: 6/6
  1022 | D:1      | Found a sparkling altar of Nemelex Xobeh.
  1639 | D:2      | Reached XP level 3. HP: 14/16 MP: 7/7
  1871 | D:2      | Slain by a centaur zombie

Action                   || total
-------------------------++-------
Melee: Unarmed           ||    95
       Bite              ||     7
 Stab: Sleeping          ||     2
Armor: Skin              ||     7
Dodge: Dodged            ||    72
